 Seeded DCSS version 0.30-a0-50-gb2d611f6b1 (webtiles) character file.

Game seed: 20220831 (custom seed)

9625 muata the Destroyer (level 11, -5/54 HPs)
             Began as a Deep Elf Conjurer on Aug 31, 2022.
             Slain by an orc warlord
             ... wielding a +3 bardiche
              (32 damage)
             ... on level 1 of the Orcish Mines on Sept 4, 2022.
             The game lasted 00:55:38 (12120 turns).

muata the Destroyer (Deep Elf Conjurer)            Turns: 12120, Time: 00:55:39

Health: -5/54      AC: 10    Str:  4    XL:     11   Next: 25%
Magic:  24/25      EV: 13    Int: 34    God:
Gold:   808        SH:  0    Dex: 21    Spells: 2/26 levels left

rFire   + . .      SeeInvis .    r - +12 pair of quick blades "Gyre" and "Gimble" {protect}
rCold   . . .      Faith    .    (shield currently unavailable)
rNeg    . . .      Spirit   .    J - +2 animal skin
rPois   .          Reflect  .    (no helmet)
rElec   .          Harm     .    C - +1 cloak of Valiance {Int+3}
rCorr   .          Rampage  .    (no gloves)
Will    +....                    (no boots)
Stlth   ++........               d - amulet of the Raven {RegenMP rF+ Int+3 Dex+2 Slay+2}
HPRegen 0.18/turn                w - +4 ring of protection
MPRegen 0.59/turn                m - +6 ring of dexterity

@: no status effects
A: no striking features
a: no special abilities


You were on level 1 of the Orcish Mines.
You visited 2 branches of the dungeon, and saw 12 of its levels.
You also visited: Sewer.

You collected 808 gold pieces.

Inventory:

Hand Weapons
 r - the +12 pair of quick blades "Gyre" and "Gimble" (weapon) {protect}
   (You found it on level 2 of the Dungeon)

   It grants its wielder temporary protection when it strikes (+7 to AC).
 y - the +3 flail of Valour {flame, *Corrode Str+4 Int+3}
   (You found it on level 4 of the Dungeon)

   It burns those it strikes, dealing additional fire damage.
   Str:       It affects your strength (+4).
   Int:       It affects your intelligence (+3).
   *Corrode:  It may corrode you when you take damage.
 U - a +6 dagger
Missiles
 O - a throwing net
Armour
 C - the +1 cloak of Valiance (worn) {Int+3}
   (You found it on level 4 of the Dungeon)

   Int:       It affects your intelligence (+3).
 J - a +2 animal skin (worn)
 W - a +2 robe of fire resistance
Jewellery
 d - the amulet of the Raven (around neck) {RegenMP rF+ Int+3 Dex+2 Slay+2}
   (You found it on level 9 of the Dungeon)

   [amulet of magic regeneration]

   It increases your rate of magic regeneration.
   Int:       It affects your intelligence (+3).
   Dex:       It affects your dexterity (+2).
   Slay:      It affects your accuracy & damage with ranged weapons and melee
   (+2).
   rF:        It protects you from fire.
 g - a ring of resist corrosion
 m - a +6 ring of dexterity (right hand)
 q - an amulet of the acrobat
 u - an amulet of regeneration
 w - a +4 ring of protection (left hand)
Wands
 F - a wand of flame (23)
 H - a wand of mindburst (6)
 L - a wand of paralysis (13)
 P - a wand of iceblast (11)
 T - a wand of light (6)
 V - a wand of digging (3)
Scrolls
 a - a scroll of torment {unknown}
 c - 6 scrolls of teleportation
 f - 3 scrolls of blinking
 k - 2 scrolls of magic mapping {unknown}
 l - 2 scrolls of enchant armour {unknown}
 n - 3 scrolls of acquirement
 t - 4 scrolls of fog
 x - 2 scrolls of brand weapon {unknown}
 D - 3 scrolls of amnesia
 E - 2 scrolls of immolation
 G - a scroll of vulnerability {unknown}
 K - 3 scrolls of enchant weapon
 M - 2 scrolls of poison {unknown}
 N - a scroll of fear {unknown}
 R - 4 scrolls of identify
 S - a scroll of silence {unknown}
Potions
 b - 3 potions of magic
 e - 5 potions of might
 h - 2 potions of heal wounds {unknown}
 i - 3 potions of curing
 j - a potion of haste
 o - 3 potions of invisibility {unknown}
 p - 2 potions of berserk rage
 s - 2 potions of cancellation {unknown}
 v - a potion of resistance {unknown}
 z - a potion of lignification {unknown}
 A - a potion of flight {unknown}
 B - 3 potions of brilliance {unknown}
 I - 2 potions of ambrosia {unknown}
Miscellaneous
 Q - a box of beasts (inert) (quivered)


   Skills:
 - Level 8.7 Short Blades
 - Level 2.4 Dodging
 - Level 2.4 Stealth
 - Level 8.3 Spellcasting
 + Level 9.4 Conjurations
 - Level 9.0 Hexes
 - Level 7.9 Fire Magic
 + Level 7.3 Earth Magic


You had 2 spell levels left.
You knew the following spells:

 Your Spells              Type           Power      Damage    Failure   Level
a - Magic Dart            Conj           100%       1d8       1%          1
b - Searing Ray           Conj           100%       2d8       1%          2
c - Dazzling Flash        Conj/Hex       100%       N/A       1%          3
d - Fulminant Prism       Conj/Hex       33%        3d16      1%          4
e - Foxfire               Conj/Fire      100%       2x1d9     1%          1
f - Flame Wave            Conj/Fire      65%        2d15      1%          4
g - Conjure Flame         Conj/Fire      65%        6-21      1%          3
h - Iron Shot             Conj/Erth      31%        9d6       16%         6

Your spell library contained the following spells:

 Spells                   Type           Power      Damage    Failure   Level
 Inner Flame              Hex/Fire       64%        N/A       1%          3
 Portal Projectile        Hex/Tloc       88%        N/A       1%          3
 Tukima's Dance           Hex            66%        N/A       1%          3
 Iskenderun's Mystic Bla  Conj/Tloc      46%        2d10      4%          4
 Animate Armour           Summ/Erth      76%        N/A       7%          4
 Blade Hands              Tmut           7%         N/A       65%         5


Dungeon Overview and Level Annotations

Branches:
Dungeon (11/15)            Temple (0/1) D:5            Lair (0/5) D:9
    Orc (1/2) D:10          Sewer (visited)

Altars:
Dithmenos
Elyvilon
Fedhas
Qazlal
Ru
Trog
Wu Jian
Xom

Shops:
D:1 (   D:10 :   Orc:1 (


Message History

You kill the orc priest!
Your fulminant prism crackles loudly.
An orc comes into view.
It is wielding a +1 hand axe of freezing.
Your fulminant prism explodes!
The blast of energy engulfs the orc warlord!!
The orc warlord is moderately wounded.
Your juvenile shockox beast bursts into living lightning!
The living lightning hits the orc warlord.
Your juvenile shockox beast blinks!
You hear a shout!
Casting: Fulminant Prism (dangerous; 1% risk of failure)
Confirm with . or Enter, or press ? or * to list all spells.
You conjure some foxfire!
Your juvenile shockox beast barely misses the orc wizard.
Your juvenile shockox beast tramples the orc wizard!
The orc wizard stumbles backwards!
The orc warrior barely misses your juvenile shockox beast.
The orc wizard casts a spell at your juvenile shockox beast.
Your juvenile shockox beast easily resists.
The orc warlord completely misses you.
The foxfire hits the orc.
The orc is severely wounded.
The foxfire hits the orc warlord but does no damage.
The orc warlord is moderately wounded.
Your juvenile shockox beast hits the orc wizard!
The orc wizard dies!
The orc warrior hits your juvenile shockox beast with a +0 trident!
Something hits your juvenile shockox beast but does no damage.
The orc warlord hits you with a +3 bardiche!!
The orc hits your juvenile shockox beast with a +0 war axe!
There is a staircase back to the Dungeon, spattered with blood here.
Items here: $ )) [[ ††.
Your juvenile shockox beast closely misses the orc warrior.
Your juvenile shockox beast completely misses the orc warrior.
The orc warrior hits your juvenile shockox beast with a +0 trident!
The orc hits your juvenile shockox beast but does no damage.
Something hits your juvenile shockox beast but does no damage.
The orc warlord hits you with a +3 bardiche!!
Ouch! That really hurt!
You die...

.....#......# ##
))..........###.
...........###.####
#...>....# #..##.#
##.......####.....###
#.......###.........##
.......o#.##.........##
.......o..#....#o.....##
....###h.oo..###@)§....##
...#####.o...##o.§##....#
.....##....o.#)..).#...##
.....#..)...oH........##
...........#o)..∩.....#
##.#......###.)......##
####....###.#.....###
#.#....)######...##
##........### #...#


You could see an orc warlord, an orc warrior (strong), 2 orcs and a friendly
juvenile shockox beast (summoned).

Vanquished Creatures
  2 orc sorcerers (Orc:1)
  2 trolls
  Grinder (Sewer)
  A wraith (D:10)
  14 yaks
  Eustachio (D:6)
  2 steam dragons
  Grum (D:5)
  2 acid dragons
  Menkaure (D:6)
  3 wargs (Orc:1)
  2 black bears (D:6)
  2 ice beasts
  3 sky beasts
  6 orc warriors
  2 wolves (D:5)
  2 ogres
  3 kobold brigands
  2 phantoms
  2 bullfrogs (D:8)
  A necrophage (D:6)
  5 gnoll sergeants
  A scorpion (D:5)
  6 wights
  3 killer bees (D:7)
  3 howler monkeys (D:9)
  15 hounds
  3 gnoll boudas
  8 orc priests
  2 iguanas
  Ijyb (D:5)
  15 orc wizards
  35 gnolls
  5 adders
  2 shadow imps
  5 ufetubi
  An adder zombie (Sewer)
  4 worms
  A dart slug (D:2)
  57 orcs
  6 bats
  7 endoplasms
  4 giant cockroaches
  3 goblins
  5 hobgoblins
  8 jackals (D:5)
  28 kobolds
  3 quokkas
  2 ball pythons
  2 kobold zombies (Sewer)
  A rat (D:2)
296 creatures vanquished.

Vanquished Creatures (collateral kills)
  2 orc wizards (Orc:1)
  An orc (Orc:1)
3 creatures vanquished.

Vanquished Creatures (others)
  140 foxfires
  17 fulminant prisms
  4 fungi (D:9)
161 creatures vanquished.

Grand Total: 460 creatures vanquished

Notes
Turn   | Place    | Note
-------+----------+-------------------------------------------
     0 | D:1      | muata the Deep Elf Conjurer began the quest for the Orb.
     0 | D:1      | Reached XP level 1. HP: 10/10 MP: 6/6
   581 | D:1      | Reached XP level 2. HP: 15/15 MP: 4/8
   854 | D:1      | Found Yckuj's Antique Weapon Shop.
  1517 | D:1      | Learned a level 2 spell: Searing Ray
  2162 | D:2      | Found the +12 pair of quick blades "Gyre" and "Gimble"
                  | {protect}
  2307 | D:2      | Reached skill level 5 in Conjurations
  2307 | D:2      | Reached XP level 3. HP: 19/19 MP: 7/10
  2391 | D:2      | Found a blossoming altar of Fedhas.
  3192 | D:3      | Identified 3 scrolls of acquirement
  3509 | D:4      | Reached XP level 4. HP: 24/24 MP: 10/12
  3560 | D:4      | Reached skill level 5 in Spellcasting
  3627 | D:4      | Learned a level 3 spell: Dazzling Flash
  3649 | D:4      | Reached skill level 1 in Hexes
  3658 | D:4      | Identified the +3 flail of Valour {flame, *Corrode Str+4
                  | Int+3}
  3798 | D:4      | Identified the +10 short sword "Zofikaoc" {holy, Contam
                  | Str+7}
  3962 | D:4      | Reached XP level 5. HP: 28/28 MP: 14/14
  3970 | D:4      | Identified the +1 cloak of Valiance {Int+3}
  4008 | D:4      | Learned a level 4 spell: Fulminant Prism
  4038 | D:5      | Entered Level 5 of the Dungeon
  4080 | D:5      | Noticed an ice beast
  4085 | D:5      | Killed an ice beast
  4096 | D:5      | Noticed an ogre
  4102 | D:5      | Killed an ogre
  4103 | D:5      | Reached skill level 5 in Hexes
  4103 | D:5      | Reached XP level 6. HP: 32/32 MP: 1/15
  4559 | D:5      | Reached XP level 7. HP: 36/36 MP: 2/16
  4762 | D:5      | Noticed Ijyb
  4775 | D:5      | Killed Ijyb
  4844 | D:5      | Found a staircase to the Ecumenical Temple.
  4998 | D:5      | Reached skill level 1 in Short Blades
  5003 | D:5      | Reached XP level 8. HP: 14/41 MP: 3/19
  5231 | D:5      | Learned a level 1 spell: Foxfire
  5236 | D:5      | Learned a level 4 spell: Flame Wave
  5240 | D:5      | Learned a level 3 spell: Conjure Flame
  5343 | D:5      | Noticed Grum
  5360 | D:5      | Killed Grum
  5556 | D:6      | Reached skill level 1 in Fire Magic
  5647 | D:6      | Noticed Menkaure
  5651 | D:6      | Reached skill level 5 in Short Blades
  5653 | D:6      | Killed Menkaure
  5713 | D:6      | Noticed Eustachio
  5727 | D:6      | Killed Eustachio
  5728 | D:6      | Reached XP level 9. HP: 45/45 MP: 16/23
  6036 | D:6      | Found a glowing drain.
  6051 | Sewer    | Entered a sewer
  6139 | Sewer    | Found an ancient bone altar of Kikubaaqudgha.
  6217 | Sewer    | Noticed Grinder
  6227 | Sewer    | Killed Grinder
  6228 | Sewer    | Reached skill level 5 in Fire Magic
  6943 | D:6      | Found a stormy altar of Qazlal.
  6948 | D:6      | Found an ornate altar of the Wu Jian Council.
  6948 | D:6      | Found a shimmering altar of Xom.
  6959 | D:6      | Found a blossoming altar of Fedhas.
  6962 | D:6      | Found a white marble altar of Elyvilon.
  7515 | D:7      | Upgraded the game from 0.30-a0-42-g806c11bf1d to
                  | 0.30-a0-46-g5a63ccc183
  8554 | D:8      | Reached XP level 10. HP: 50/50 MP: 16/24
  9131 | D:9      | Learned a level 6 spell: Iron Shot
  9180 | D:9      | Found a sacrificial altar of Ru.
  9201 | D:9      | Reached skill level 1 in Earth Magic
  9255 | D:9      | Identified the amulet of the Raven {RegenMP rF+ Int+3 Dex+2
                  | Slay+2}
  9579 | D:9      | Found a bloodstained altar of Trog.
  9967 | D:9      | Found a staircase to the Lair.
 10007 | D:10     | Entered Level 10 of the Dungeon
 10202 | D:10     | Found a staircase to the Orcish Mines.
 10226 | D:10     | Reached skill level 5 in Earth Magic
 10289 | D:10     | Found a shadowy altar of Dithmenos.
 10704 | D:10     | Found Manwoxzuut's Book Shop.
 11127 | D:11     | Noticed a manticore
 11154 | D:11     | Upgraded the game from 0.30-a0-46-g5a63ccc183 to
                  | 0.30-a0-50-gb2d611f6b1
 11214 | D:11     | Reached XP level 11. HP: 25/54 MP: 19/25
 11445 | Orc:1    | Entered Level 1 of the Orcish Mines
 11445 | Orc:1    | Found Magetis's Weapon Boutique.
 11629 | Orc:1    | Noticed an orc sorcerer
 11637 | Orc:1    | Noticed an orc sorcerer
 11646 | Orc:1    | Killed an orc sorcerer
 11651 | Orc:1    | Killed an orc sorcerer
 11949 | Orc:1    | Noticed an orc warlord
 12120 | Orc:1    | Slain by an orc warlord

Illustrated notes

Levels and vault maps discovered:
D:1:      sevenhm_arrival_forest_fort_small_3, layout_basic, serial_shops,
          nicolae_shop_waterfront
D:2:      layout_loops_corners, basic_altar
D:3:      layout_loops_ring, minmay_misc_feat_roman, minmay_misc_feat_cross,
          chequers_mini_garden
D:4:      layout_basic, serial_park_tiny_1
D:5:      layout_cave_pools, minmay_temple_entry_wispy, serial_gnoll_camp,
          grums_kennel, gnoll_camp_mini_hut, gnoll_camp_mini_loothouse,
          gnoll_camp_mini_doghouse, gnoll_camp_medium_02, gnoll_camp_huts_basic,
          uniq_ijyb
D:6:      layout_basic, minmay_overflow_temple_star_hex, portal_sewer_entry_d,
          uniq_menkaure, uniq_eustachio
D:7:      layout_loops_corners
D:8:      layout_loops_ring
D:9:      layout_roguey, nicolae_ru_great_annihilating_truth,
          mainiacjoe_overflow_chevrons, lair_entry_dummy, fungi_pond_lemuel,
          supply_closet_lemuel, minmay_circle_x
D:10:     layout_loops_ring, mainiacjoe_overflow_cross_hatched,
          hiddenorc2_lemuel, serial_shops, nicolae_shop_waterfront
D:11:     layout_loops_ring
Orc:1:    layout_diamond_mine, serial_shops, nicolae_shop_bloodbath_and_beyond,
          minmay_orc_treasury

Skill      XL: |  1  2  3  4  5  6  7  8  9 10 11 |
---------------+----------------------------------+-----
Spellcasting   | 4 5 6 8 |  8.3
Conjurations   | 5 8 9 |  9.4
Hexes          | 1 5 7 9 |  9.0
Short Blades   | 2 5 8 |  8.7
Fire Magic     | 3 7 |  7.9
Earth Magic    | 6 7 |  7.3
Dodging        | |  2.4
Stealth        | |  2.4

Action                   |  1- 3 |  4- 6 |  7- 9 | 10-12 || total
-------------------------+-------+-------+-------+-------++-------
Melee: Unarmed           |     4 |       |       |       ||     4
       Pair of quick bla |    13 |    18 |   110 |   152 ||   293
 Cast: Magic Dart        |    62 |    38 |    67 |    55 ||   222
       Searing Ray       |       |     4 |    11 |     8 ||    23
       Fulminant Prism   |       |     3 |     5 |     9 ||    17
       Dazzling Flash    |       |       |     1 |       ||     1
       Foxfire           |       |       |    53 |    31 ||    84
       Conjure Flame     |       |       |     3 |       ||     3
       Flame Wave        |       |       |     3 |       ||     3
Evoke: Box of beasts     |       |       |       |     1 ||     1
  Use: Scroll            |     4 |       |     6 |     3 ||    13
       Potion            |       |       |       |     3 ||     3
 Stab: Sleeping          |     5 |     2 |     2 |     2 ||    11
       Distracted        |     1 |       |       |     2 ||     3
       Paralysed         |       |       |       |     1 ||     1
Armor: Robe              |     2 |     3 |    16 |       ||    21
       Animal skin       |       |       |    22 |    40 ||    62
Dodge: Dodged            |    11 |    12 |    72 |    52 ||   147

Table legend: (Time is in decaauts)
 A = Elapsed time spent in this place.
 B = Non-inter-level travel time spent in this place.
 C = Inter-level travel time spent in this place.
 D = Time resting spent in this place.
 E = Time spent auto-exploring this place.
 F = Levels seen in this place.
 G = Mean time per level.
                   A        B        C        D        E       F      G
               +--------+--------+--------+--------+--------+-----+--------+
         Total |  11942 |  11296 |    646 |   1331 |   8091 |  13 |  918.6 |
       Dungeon |  11021 |  10375 |    646 |   1097 |   7719 |  11 | 1001.9 |
  Orcish Mines |    508 |    508 |      0 |    197 |    166 |   1 |  508.0 |
         Sewer |    412 |    412 |      0 |     37 |    206 |   1 |  412.0 |
               +--------+--------+--------+--------+--------+-----+--------+

Top non-repeatable levels by time:
     D:1: 1517 daAuts
     D:6: 1473 daAuts
     D:5: 1471 daAuts
    D:10: 1384 daAuts
     D:2: 1160 daAuts
     D:9: 888 daAuts
     D:4: 838 daAuts
     D:7: 834 daAuts
     D:8: 793 daAuts
     D:3: 513 daAuts
   Orc:1: 508 daAuts
   Sewer: 412 daAuts
    D:11: 145 daAuts
